 Dungeon Crawl Stone Soup version 0.16.1-11-g651b585 (webtiles) character file.

5173 jacksonaction the Bludgeoner (level 10, -2/104 HPs)
             Began as an Ogre Berserker on Apr 3, 2015.
             Was a High Priest of Trog.
             Slain by a yak (14 damage)
             ... on level 10 of the Dungeon.
             The game lasted 01:02:35 (8246 turns).

jacksonaction the Bludgeoner (Ogre Berserker)       Turns: 8246, Time: 01:02:35

Health: -2/104     AC:  3    Str: 25    XL:     10   Next: 59%
Magic:  10/10      EV: 15    Int:  6    God:    Trog [*****.]
Gold:   122        SH:  0    Dex: 16    Spells: 0 memorised, 9 levels left

rFire  . . .     SeeInvis .     y - +0 giant spiked club
rCold  . . .     Clarity  .     b - +0 animal skin
rNeg   + . .     SustAb   .     (shield restricted)
rPois  .         Gourm    .     (helmet restricted)
rElec  .         Spirit   .     (no cloak)
rCorr  .         Warding  +     (gloves unavailable)
rMut   .         Stasis   .     (boots unavailable)
MR     +++..                    I - amulet of warding
Stlth  ++........               (no ring)
                                (no ring)

@: agile, exhausted, regenerating, slowed, very slow, extremely resistant to
hostile enchantments, unstealthy
A: unfitting armour, tough skin 1
a: Burn Spellbooks, Berserk, Trog's Hand, Brothers in Arms, Renounce Religion


You were on level 10 of the Dungeon.
You worshipped Trog.
Trog was extremely pleased with you.
You were near starving.

You visited 1 branch of the dungeon, and saw 10 of its levels.

You collected 421 gold pieces.
You spent 299 gold pieces at shops.

Inventory:

Hand weapons
 y - a +0 giant spiked club (weapon)
Missiles
 G - 4 tomahawks (quivered)
Armour
 b - a +0 animal skin (worn)
 q - a cursed +0 robe
Jewellery
 f - an uncursed amulet of resist corrosion
 F - an uncursed ring of sustain abilities {unknown}
 I - an amulet of warding (around neck)
 Q - an uncursed ring of wizardry {unknown}
Magical devices
 d - a wand of draining (0)
 t - a wand of slowing (11)
 E - a wand of teleportation (1)
 H - a wand of cold (9)
 L - a wand of digging (6)
 P - a wand of confusion (19)
Scrolls
 a - 3 scrolls of fog {unknown}
 e - a scroll of fear {unknown}
 i - 8 scrolls of identify {unknown}
 j - 2 scrolls of remove curse {unknown}
 k - 2 scrolls of enchant weapon {unknown}
 l - 4 scrolls of magic mapping {unknown}
 n - a scroll of blinking {unknown}
 p - 2 scrolls of recharging {unknown}
 s - a scroll of noise {unknown}
 A - 4 scrolls of amnesia {unknown}
 J - a scroll of immolation {unknown}
 K - a scroll of brand weapon
 M - a scroll of random uselessness {unknown}
 O - a scroll of teleportation
Potions
 h - 2 potions of ambrosia {unknown}
 m - 4 potions of restore abilities {unknown}
 o - a potion of heal wounds {unknown}
 r - 2 potions of poison {unknown}
 x - a potion of lignification {unknown}
 B - 2 potions of curing
 C - 4 potions of might {unknown}
 D - 5 potions of brilliance {unknown}
 N - a potion of haste {unknown}
Comestibles
 c - 6 meat rations
 g - 5 beef jerkies
 u - 6 bread rations
 z - 6 fruits


   Skills:
 - Level 8.0 Fighting
 + Level 17.6 Maces & Flails
 - Level 1.5 Armour
 - Level 1.7 Dodging


You had 9 spell levels left.
You didn't know any spells.

Dungeon Overview and Level Annotations

Branches:
Dungeon (10/15)            Temple (0/1) D:6            Lair (0/8) D:10
    Orc: D:9-12

Altars:
Ashenzari
Cheibriados
Dithmenos
Fedhas
Gozag
Nemelex Xobeh
Okawaru
Qazlal

Shops:
D:8 *

Annotations:
D:6 exclusion: oklob plant
D:10 exclusion: oklob plant


Innate Abilities, Weirdness & Mutations

You are too large for most types of armour.
You have tough skin (AC +1).


Message History

You feel your anger subside.
You are no longer berserk.
Trog's vigour flows through your veins.
You are exhausted.
You feel yourself slow down.
You are feeling very hungry.
You are near starving!
Drink which item? (? for menu, Esc to quit)
It was a potion of curing.
You feel better.
Drink which item? (? for menu, Esc to quit)
You feel agile all of a sudden. The yak gores you but does no damage.
You puncture the yak!
The yak is almost dead.
The yak gores you!
* * * LOW HITPOINT WARNING * * *
The yak gores you.
* * * LOW HITPOINT WARNING * * *
You barely miss the yak.
The yak is almost dead.
The yak gores you!
You die...

.......#.........
#...#...........
..##P.!##...........
#...PPPP..#...YY....
#...P>....#†####...#
#..PPPPP..#.#
..##P.P##...#
....#...#....#
#.....@Y#..#
...#######...##
#....>...#####
#....<........
#...........##
#.............
#............
#............
#............


You could see a yak.

Vanquished Creatures
  Pikel (D:7)
  Prince Ribbit (D:7)
  2 yaks (D:10)
  A steam dragon (D:9)
  Grum (D:9)
  A hungry ghost (D:7)
  2 wolves (D:9)
  The ghost of Zell789 the Charmwright, an average HESk (D:4)
  2 orc warriors
  2 sky beasts
  3 black bears
  2 ice beasts
  An eye of draining (D:9)
  4 centaurs
  3 phantoms
  2 slaves (D:7)
  4 ogres
  3 giant frogs
  A big kobold (D:9)
  3 scorpions
  3 goliath beetles
  4 crimson imps
  2 orc priests
  2 giant frog zombies
  A hound (D:6)
  2 iguanas
  9 orc wizards
  6 worker ants
  A killer bee zombie (D:7)
  A hound zombie (D:8)
  A hound skeleton (D:8)
  A worker ant zombie (D:9)
  5 gnolls
  8 adders
  2 worms
  An adder zombie (D:5)
  3 adder skeletons
  6 giant geckos
  31 orcs
  2 bat skeletons
  A bat zombie (D:5)
  4 giant cockroaches
  17 hobgoblins
  21 jackals
  21 kobolds
  3 quokkas
  13 bats
  A giant gecko skeleton (D:5)
  7 giant newts
  2 giant spores
  13 goblins
  A jackal skeleton (D:7)
  14 rats
  2 ballistomycetes (D:9)
  A plant (D:10)
252 creatures vanquished.

Vanquished Creatures (others)
  An ogre (D:9)
  A scorpion (D:9)
  A kobold (D:7)
3 creatures vanquished.

Grand Total: 255 creatures vanquished

Notes
Turn   | Place    | Note
--------------------------------------------------------------
     0 | D:1      | jacksonaction, the Ogre Berserker, began the quest for the Orb.
     0 | D:1      | Reached XP level 1. HP: 24/24 MP: 1/1
    97 | D:1      | Reached XP level 2. HP: 32/32 MP: 2/2
   444 | D:1      | Acquired Trog's second power
   920 | D:2      | Reached XP level 3. HP: 41/41 MP: 3/3
   959 | D:2      | Reached skill level 5 in Fighting
   959 | D:2      | Reached skill level 5 in Maces & Flails
  1108 | D:2      | Found a snail-covered altar of Cheibriados.
  1123 | D:2      | Reached XP level 4. HP: 16/50 MP: 4/4
  1970 | D:3      | Reached skill level 6 in Fighting
  2040 | D:3      | Reached XP level 5. HP: 47/59 MP: 5/5
  2174 | D:3      | Found an opulent altar of Gozag.
  2336 | D:3      | Noticed an ogre
  2344 | D:3      | Killed an ogre
  2579 | D:4      | Reached XP level 6. HP: 64/68 MP: 6/6
  2643 | D:4      | Reached skill level 7 in Fighting
  2762 | D:4      | Noticed Zell789's ghost (average HESk)
  2771 | D:4      | Killed Zell789's ghost
  2837 | D:4      | Found a sparkling altar of Nemelex Xobeh.
  3024 | D:4      | Reached XP level 7. HP: 57/79 MP: 7/7
  3149 | D:5      | Entered Level 5 of the Dungeon
  3192 | D:5      | Reached skill level 8 in Fighting
  3501 | D:5      | Reached skill level 9 in Maces & Flails
  3713 | D:5      | Acquired Trog's third power
  3757 | D:5      | Reached XP level 8. HP: 53/88 MP: 8/8
  3799 | D:5      | Reached skill level 10 in Maces & Flails
  3913 | D:6      | Found a stormy altar of Qazlal.
  3913 | D:6      | Noticed an oklob plant
  4182 | D:6      | Reached skill level 11 in Maces & Flails
  4373 | D:6      | Found a staircase to the Ecumenical Temple.
  5315 | D:7      | Reached skill level 12 in Maces & Flails
  5341 | D:7      | Noticed Prince Ribbit
  5361 | D:7      | Killed Prince Ribbit
  5361 | D:7      | Reached skill level 13 in Maces & Flails
  5361 | D:7      | Reached XP level 9. HP: 76/96 MP: 9/9
  5952 | D:7      | Noticed Pikel
  5979 | D:7      | Killed Pikel
  5979 | D:7      | Reached skill level 14 in Maces & Flails
  6337 | D:8      | Reached skill level 15 in Maces & Flails
  6884 | D:8      | Found Siugahix's General Store.
  6946 | D:8      | Bought a scroll of brand weapon for 260 gold pieces
  6946 | D:8      | Bought a scroll of teleportation for 39 gold pieces
  6952 | D:8      | Reached XP level 10. HP: 100/104 MP: 10/10
  7134 | D:8      | Reached skill level 16 in Maces & Flails
  7583 | D:9      | Noticed Grum
  7598 | D:9      | Killed Grum
  7781 | D:9      | Found a shattered altar of Ashenzari.
  7793 | D:9      | Reached skill level 17 in Maces & Flails
  8161 | D:9      | Found a blossoming altar of Fedhas.
  8161 | D:9      | Found an iron altar of Okawaru.
  8163 | D:9      | Found a shadowy altar of Dithmenos.
  8200 | D:10     | Entered Level 10 of the Dungeon
  8200 | D:10     | Noticed an oklob plant
  8204 | D:10     | Found a staircase to the Lair.
  8246 | D:10     | Slain by a yak

Action                   |  1- 3 |  4- 6 |  7- 9 | 10-12 || total
-------------------------+-------+-------+-------+-------++-------
Melee: Mace              |    79 |   125 |       |       ||   204
       Giant spiked club |       |    82 |   282 |   180 ||   544
Throw: Stone             |     3 |     2 |       |       ||     5
       Tomahawk          |       |       |    17 |     3 ||    20
Invok: Berserk           |     1 |     2 |     6 |     4 ||    13
       Trog's Hand       |     1 |     2 |     6 |     4 ||    13
       Burn Spellbooks   |       |       |     3 |       ||     3
Evoke: Wand              |       |       |       |     2 ||     2
  Use: Potion            |       |       |       |     2 ||     2
 Stab: Sleeping          |       |     1 |     1 |       ||     2
  Eat: Chunk             |       |    11 |    16 |     5 ||    32
       Pizza             |       |       |     2 |       ||     2
       Royal jelly       |       |       |     1 |     1 ||     2
